 Dungeon Crawl Stone Soup version 0.27-a0-1200-g94dc6ad4cf (webtiles) character file.

Game seed: 10678720060050449650

4876 Morbidden the Destroyer (level 10, -5/79 HPs)
             Began as a Demigod Conjurer on May 30, 2021.
             Slain by a polar bear (6 damage)
             ... on level 9 of the Dungeon.
             The game lasted 00:16:10 (11189 turns).

Morbidden the Destroyer (Demigod Conjurer)         Turns: 11189, Time: 00:16:11

Health: -5/79      AC:  2    Str: 12    XL:     10   Next: 6%
Magic:  1/24       EV: 13    Int: 28    God:
Gold:   421        SH:  0    Dex: 12    Spells: 6/22 levels left

rFire    . . .     SeeInvis +   a - +1 dagger (venom)
rCold    . . .     Faith    .   (no shield)
rNeg     . . .     Spirit   .   g - +0 robe
rPois    .         Reflect  .   (no helmet)
rElec    .         Harm     .   (no cloak)
rCorr    .         Rampage  .   (no gloves)
Will     +....                  (no boots)
Stlth    ++........             (no amulet)
HPRegen  0.23/turn              n - ring of wizardry
MPRegen  0.19/turn              m - ring of see invisible

@: no status effects
A: high mp 1, forlorn
a: no special abilities


You were on level 9 of the Dungeon.
You visited 2 branches of the dungeon, and saw 10 of its levels.
You also visited: Sewer.

You collected 421 gold pieces.

Inventory:

Hand Weapons
 a - a +1 dagger of venom (weapon)
 p - a +2 short sword of draining
 t - a +0 scimitar
 w - a +5 short sword of freezing
Missiles
 z - 3 throwing nets
Armour
 g - a +0 robe (worn)
Jewellery
 l - a ring of willpower
 m - a ring of see invisible (right hand)
 n - a ring of wizardry (left hand)
 G - a ring of positive energy
 I - an amulet of reflection
Wands
 c - a wand of charming (3)
 r - a wand of paralysis (9)
 x - a wand of flame (32)
Scrolls
 e - 2 scrolls of identify
 f - 3 scrolls of blinking
 i - 4 scrolls of teleportation
 k - a scroll of noise
 q - a scroll of enchant weapon
 y - 3 scrolls of brand weapon
 A - a scroll of fear
Potions
 b - a potion of cancellation
 d - 4 potions of curing {unknown}
 h - a potion of mutation {unknown}
 j - a potion of invisibility {unknown}
 s - a potion of haste {unknown}
 u - a potion of brilliance {unknown}
 B - 2 potions of flight
 C - a potion of might {unknown}
 D - 2 potions of magic {unknown}
 F - a potion of resistance {unknown}
 H - 2 potions of lignification {unknown}
 J - a potion of berserk rage {unknown}


   Skills:
 * Level 4.2 Fighting
 + Level 2.0 Short Blades
 * Level 4.6 Dodging
 + Level 3.9 Stealth
 * Level 6.7 Spellcasting
 * Level 8.1 Conjurations
 * Level 4.3 Translocations
 * Level 3.4 Fire Magic
 + Level 0.6 Evocations


You had 6 spell levels left.
You knew the following spells:

 Your Spells              Type           Power      Damage    Failure   Level
a - Magic Dart            Conj           100%       1d8       1%          1
b - Searing Ray           Conj           100%       3d7       1%          2
c - Iskenderun's Mystic   Conj/Tloc      44%        2d10      1%          4
f - Fireball              Conj/Fire      20%        3d10      6%          5
s - Sticky Flame          Conj/Fire      41%        2d6       2%          4

Your spell library contained the following spells:

 Spells                   Type           Power      Damage    Failure   Level
 Foxfire                  Conj/Fire      100%       2x1d9     1%          1
 Conjure Flame            Conj/Fire      41%        6-21      1%          3
 Dazzling Flash           Conj/Hex       64%        N/A       1%          3
 Inner Flame              Hex/Fire       19%        N/A       3%          3
 Fulminant Prism          Conj/Hex       16%        3d11      4%          4
 Cause Fear               Hex            4%         N/A       22%         4
 Silence                  Hex/Air        4%         N/A       50%         5
 Yara's Violent Unravell  Hex/Tmut       4%         3d4       50%         5
 Discord                  Hex            4%         N/A       100%        8


Dungeon Overview and Level Annotations

Branches:
Dungeon (9/15)             Temple (1/1) D:4           Sewer (visited)
   Lair: D:8-11         Orc: D:9-12

Shops:
D:7 ?   D:8 (

Portals:
Bailey: D:9


Innate Abilities, Weirdness & Mutations

Your attributes grow dramatically as you level up.
You have an increased reservoir of magic. (+10% MP)
You shall have no god before yourself.


Message History

Confirm with . or Enter, or press ? or * to list all spells.
Aiming: Sticky Flame (dangerous; 2% risk of failure)
Press: ? - help, Shift-Dir - straight line, f - polar bear
Aim: a polar bear (heavily wounded, 100% to hit)
The sticky flame hits the polar bear but does no damage.
The polar bear is heavily wounded.
The polar bear is covered in liquid flames!
The polar bear burns!
The polar bear bites you!! The polar bear claws you.
The polar bear closely misses you.
Unknown command.
You hit the polar bear but do no damage.
The polar bear is poisoned.
The polar bear is heavily wounded.
The polar bear burns!
The polar bear bites you!
The polar bear claws you but does no damage.
The polar bear misses you.
Unknown command.
You hit the polar bear but do no damage.
The polar bear is severely wounded.
The polar bear burns!
The polar bear completely misses you. The polar bear claws you.
The polar bear misses you.
Unknown command.
Unknown command.
You hit the polar bear.
The polar bear looks as sick as possible!
The polar bear is severely wounded.
The polar bear burns!
The polar bear goes berserk!
Unknown command.
Unknown command.
The polar bear burns!
The polar bear stops burning.
The polar bear rages.
You hit the polar bear but do no damage.
The polar bear is almost dead.
The polar bear completely misses you. The polar bear claws you!
The polar bear misses you. The polar bear bites you!!
* * * LOW HITPOINT WARNING * * *
The polar bear claws you.
* * * LOW HITPOINT WARNING * * *
The polar bear claws you.
You die...

#.##......... ..#
#.##........ ≈ #..
#....#...###. ≈≈
#.# #..#.........
..h #.#
#..#...†..... ....
#.# #..#.##.....#
≈≈≈≈. #.# #..#.#
#.###
..g≈..###.###..#.#
#
.∩g≈...)...h@..#.#
..5≈..###.####.#.#
##### ≈§≈§. #.#
#.#.########....
...O #.#
#.#..........###
....#.###.#
#.############
..........####.# #
.......<.....#
....########## ..#


You could see a polar bear (berserk, extremely poisoned).

Vanquished Creatures
  A two-headed ogre (D:9)
  A centaur zombie (D:6)
  Grinder (D:3)
  A wyvern (D:8)
  A yak (D:9)
  Edmund (D:5)
  A water moccasin (D:8)
  4 ice beasts
  A black bear (D:8)
  An orc warrior (D:8)
  A necrophage (D:6)
  An ogre (D:5)
  3 centaurs
  A phantom (D:5)
  2 bullfrogs (Sewer)
  4 scorpions
  A wyvern skeleton (D:6)
  3 water moccasin skeletons
  10 killer bees (D:7)
  5 wights (D:6)
  An electric eel (D:7)
  A howler monkey (D:8)
  2 bullfrog zombies (D:6)
  3 orc priests
  2 gnoll shamans
  A centaur skeleton (D:4)
  Terence (D:3)
  3 iguanas
  5 orc wizards
  A centaur simulacrum (D:9)
  A hound skeleton (D:5)
  11 gnolls
  11 adders
  A shadow imp (D:5)
  A white imp (D:6)
  5 worms
  3 dart slugs
  14 orcs
  8 bats
  20 endoplasms
  14 giant cockroaches
  10 goblins
  5 hobgoblins
  10 jackals
  21 quokkas
  19 ball pythons
  21 frilled lizards
  7 kobolds
  2 rats (D:1)
248 creatures vanquished.

Vanquished Creatures (collateral kills)
  A frilled lizard (D:3)
1 creature vanquished.

Vanquished Creatures (others)
  A frilled lizard (Sewer)
  77 plants (D:7)
78 creatures vanquished.

Grand Total: 327 creatures vanquished

Notes
Turn   | Place    | Note
-------+----------+-------------------------------------------
     0 | D:1      | Morbidden the Demigod Conjurer began the quest for the Orb.
     0 | D:1      | Reached XP level 1. HP: 14/14 MP: 5/5
   208 | D:1      | Reached XP level 2. HP: 20/20 MP: 1/7
   382 | D:1      | Reached skill level 4 in Conjurations
   540 | D:1      | Learned a level 2 spell: Searing Ray
  1271 | D:2      | Reached XP level 3. HP: 27/27 MP: 3/8
  1521 | D:2      | Reached skill level 1 in Fighting
  2092 | D:2      | Reached XP level 4. HP: 35/35 MP: 6/9
  2515 | D:3      | Noticed Grinder
  2536 | D:3      | Noticed Terence
  2563 | D:3      | Killed Terence
  2586 | D:3      | Found a glowing drain.
  2596 | Sewer    | Entered a sewer
  3297 | Sewer    | Reached skill level 5 in Conjurations
  3297 | Sewer    | Reached XP level 5. HP: 31/40 MP: 2/11
  3728 | Sewer    | Learned a level 4 spell: Iskenderun's Mystic Blast
  3941 | Sewer    | Reached skill level 1 in Translocations
  4170 | Sewer    | Reached XP level 6. HP: 40/48 MP: 8/13
  4293 | D:3      | Killed Grinder
  4389 | D:3      | Reached XP level 7. HP: 48/55 MP: 2/15
  5583 | D:4      | Found a staircase to the Ecumenical Temple.
  5632 | Temple   | Entered the Ecumenical Temple
  5918 | D:4      | Learned a level 4 spell: Sticky Flame
  5934 | D:5      | Entered Level 5 of the Dungeon
  6159 | D:5      | Noticed Edmund
  6166 | D:5      | Killed Edmund
  6167 | D:5      | Reached skill level 6 in Conjurations
  6719 | D:5      | Reached skill level 1 in Fire Magic
  6719 | D:5      | Reached XP level 8. HP: 62/62 MP: 12/18
  6847 | D:5      | Reached skill level 5 in Spellcasting
  8101 | D:6      | Reached skill level 7 in Conjurations
  8109 | D:6      | Learned a level 5 spell: Fireball
  8198 | D:6      | Reached XP level 9. HP: 54/70 MP: 13/21
  8703 | D:7      | Reached skill level 1 in Short Blades
  8880 | D:7      | Found Nihorryi's Magic Scroll Shoppe.
 10628 | D:8      | Found Favvusk's Weapon Boutique.
 11169 | D:9      | Found a flagged portal.
 11170 | D:9      | Noticed a two-headed ogre
 11180 | D:9      | Killed a two-headed ogre
 11181 | D:9      | Reached skill level 8 in Conjurations
 11181 | D:9      | Reached XP level 10. HP: 79/79 MP: 6/24
 11189 | D:9      | HP: 1/79 [polar bear (6)]
 11189 | D:9      | Slain by a polar bear

Illustrated notes

Levels and vault maps discovered:
D:1:      erik_arrival_triangle_medium, layout_basic,
          hellmonk_ecumenical_altar_lost_god
D:2:      layout_basic
D:3:      layout_basic, cheibrodos_sewer_entry_sluice, minmay_ruptured,
          uniq_terence, uniq_grinder
D:4:      layout_cave_pools, minmay_temple_entry_grid, serial_column_ruins,
          column_ruins_hut, column_ruins_grid_5, column_ruins_columns_straight,
          column_ruins_columns_straight, column_ruins_grid_2,
          column_ruins_open_medium
D:5:      layout_loops_cross, wad_rectangle_vault, uniq_edmund
D:6:      layout_rooms, chequers_temple_overflow_statue_of_worship
D:7:      layout_loops_ring, kennysheep_slug_shrine, serial_shops, shop,
          serial_bayou, serial_bayou_lagoon_b, serial_bayou_pond_d,
          serial_bayou_lagoon_a, serial_bayou_pond_c, corexii_checkpoint_a
D:8:      layout_rooms, serial_shops, shop
D:9:      layout_loops_ring, erik_lair_orcish_takeover, orc_0_dummy, serial_ice,
          serial_ice_j, serial_ice_c, serial_ice_b, serial_ice_f, serial_ice_n,
          serial_ice_g, serial_ice_o, enter_bailey_5, kennysheep_cluttered_room,
          st_stairs_11
Temple:   nicolae_temple_elliptical

Skill      XL: |  1  2  3  4  5  6  7  8  9 |
---------------+----------------------------+-----
Conjurations   | 4 5 6 7 8 |  8.1
Dodging        | 2 3 4 |  4.6
Spellcasting   | 2 3 4 5 6 |  6.7
Fighting       | 1 2 3 4 |  4.2
Stealth        | 2 3 |  3.9
Translocations | 1 2 3 4 |  4.3
Fire Magic     | 1 2 3 |  3.4
Short Blades   | 2 |  2.0
Evocations     | |  0.6

Action                   |  1- 3 |  4- 6 |  7- 9 | 10-12 || total
-------------------------+-------+-------+-------+-------++-------
Melee: Dagger            |       |    11 |    52 |     4 ||    67
 Cast: Magic Dart        |    82 |    98 |   116 |       ||   296
       Searing Ray       |     7 |    21 |    59 |       ||    87
       Iskenderun's Myst |       |       |     7 |       ||     7
       Sticky Flame      |       |       |    10 |     1 ||    11
       Fireball          |       |       |    12 |       ||    12
Evoke: Wand              |       |     8 |     1 |       ||     9
  Use: Scroll            |       |     6 |     7 |       ||    13
 Stab: Sleeping          |       |     1 |     2 |       ||     3
Armor: Robe              |     2 |     4 |    17 |     1 ||    24
Dodge: Dodged            |     7 |    49 |   100 |     6 ||   162

Table legend: (Time is in decaauts)
 A = Elapsed time spent in this place.
 B = Non-inter-level travel time spent in this place.
 C = Inter-level travel time spent in this place.
 D = Time resting spent in this place.
 E = Time spent auto-exploring this place.
 F = Levels seen in this place.
 G = Mean time per level.
                   A        B        C        D        E       F      G
               +--------+--------+--------+--------+--------+-----+--------+
         Total |  11350 |  11138 |    212 |    736 |   8977 |  11 | 1031.8 |
       Dungeon |   9519 |   9313 |    206 |    371 |   7872 |   9 | 1057.7 |
        Temple |     27 |     21 |      6 |      0 |     14 |   1 |   27.0 |
         Sewer |   1804 |   1804 |      0 |    365 |   1091 |   1 | 1804.0 |
               +--------+--------+--------+--------+--------+-----+--------+

Top non-repeatable levels by time:
   Sewer: 1804 daAuts
     D:5: 1571 daAuts
     D:7: 1400 daAuts
     D:1: 1256 daAuts
     D:2: 1236 daAuts
     D:6: 1176 daAuts
     D:8: 1073 daAuts
     D:3: 969 daAuts
     D:4: 751 daAuts
     D:9: 83 daAuts
  Temple: 27 daAuts
